 Seeded DCSS version 0.30.1 (webtiles) character file.

Game seed: 6351066067085065685 (custom seed)

579 Esekla the Grave Robber (level 7, -2/36 HPs)
             Began as a Deep Elf Necromancer on July 8, 2023.
             Was a Follower of Vehumet.
             Killed from afar by a white imp (10 damage)
             ... with a puff of frost
             ... on level 5 of the Dungeon.
             The game lasted 00:22:30 (3633 turns).

Esekla the Grave Robber (Deep Elf Necromancer)      Turns: 3633, Time: 00:22:30

Health: -2/36      AC:  4    Str:  5    XL:     7   Next: 13%
Magic:  17/17      EV: 14    Int: 22    God:    Vehumet [*.....]
Gold:   256        SH:  0    Dex: 15    Spells: 10/17 levels left

rFire   . . .        z - +2 dagger (vamp)
rCold   . . .        (no shield)
rNeg    . . .        a - +0 robe
rPois   .            x - +0 helmet
rElec   .            (no cloak)
rCorr   .            j - +0 pair of gloves
SInv    .            (no boots)
Will    .....        B - amulet of magic regeneration
Stlth   +++          (no ring)
HPRegen 0.26/turn    (no ring)
MPRegen 0.55/turn

%: no passive effects
@: no status effects
A: no striking features
a: Renounce Religion


You were on level 5 of the Dungeon.
You worshipped Vehumet.
Vehumet was aware of your devotion.
You visited 1 branch of the dungeon, and saw 5 of its levels.

You collected 256 gold pieces.

Inventory:

Hand Weapons
 l - the +5 rapier of the Hero {heavy, rN+ Dex+3}
   (You found it on level 3 of the Dungeon)

   Dex:       It affects your dexterity (+3).
   rN:        It protects you from negative energy.
 r - a +0 trident
 z - a +2 vampiric dagger (weapon)
Missiles
 q - 8 poisoned darts (quivered)
 A - a throwing net
Armour
 a - a +0 robe (worn)
 j - a +0 pair of gloves (worn)
 x - a +0 helmet (worn)
Jewellery
 B - an amulet of magic regeneration (around neck)
Wands
 f - a wand of roots (9)
Scrolls
 c - 5 scrolls of identify {unknown}
 e - a scroll of fear {unknown}
 k - a scroll of immolation {unknown}
 m - a scroll of blinking {unknown}
 p - a scroll of fog {unknown}
 s - 2 scrolls of amnesia {unknown}
 t - a scroll of enchant armour {unknown}
 u - a scroll of silence {unknown}
 v - 2 scrolls of enchant weapon {unknown}
 y - a scroll of summoning {unknown}
 D - a scroll of magic mapping {unknown}
Potions
 b - a potion of magic
 d - a potion of ambrosia {unknown}
 g - 2 potions of attraction {unknown}
 h - a potion of heal wounds {unknown}
 i - 3 potions of curing {unknown}
 n - a potion of haste {unknown}
 o - 3 potions of brilliance {unknown}
 w - a potion of mutation {unknown}
 C - a potion of lignification {unknown}


   Skills:
 + Level 2.7 Short Blades
 + Level 1.0 Throwing
 * Level 4.5 Dodging
 + Level 4.0 Stealth
 * Level 5.5 Spellcasting
 * Level 6.6 Necromancy
 * Level 1.6 Translocations


You had 10 spell levels left.
You knew the following spells:

 Your Spells              Type           Power      Damage    Failure   Level
a - Necrotise             Necr           100%       1d9       1%          1
d - Vampiric Draining     Necr           35%        2d8       1%          3
t - Teleport Other        Tloc           13%        N/A       14%         3

Your spell library contained the following spells:

 Spells                   Type           Power      Damage    Failure   Level
 Shock                    Conj/Air       24%        1d4       10%         1
 Animate Dead             Necr           35%        N/A       6%          4
 Lesser Beckoning         Tloc           26%        N/A       8%          2
 Gell's Gravitas          Tloc           13%        N/A       14%         3
 Agony                    Necr           35%        N/A       17%         5
 Spider Form              Tmut/Pois      6%         N/A       28%         3
 Cause Fear               Hex            3%         N/A       67%         4
 Summon Mana Viper        Hex/Summ       6%         N/A       95%         5


Dungeon Overview and Level Annotations

Branches:
Dungeon (5/15)
 Temple: D:4-7

Altars:
Dithmenos
Hepliaklqana
Okawaru
Qazlal
Trog
Vehumet
Zin
The Shining One

Shops:
D:2 =   D:4 (


Message History

c - 5 scrolls labelled OPUZOUSOET (gained 1)
s - 2 scrolls labelled BAAPSI VUUTI (gained 1)
A white imp comes into view.
The white imp shouts!
You hit the white imp but do no damage. The white imp gestures at you.
The puff of frost misses you.
You hit the white imp.
The white imp is moderately wounded.
The white imp hits you but does no damage.
You hit the white imp but do no damage.
The white imp is moderately wounded.
The white imp gestures at you. The puff of frost hits you!
You hit the white imp but do no damage.
The white imp is moderately wounded.
The white imp barely misses you.
You closely miss the white imp.
The white imp is moderately wounded.
The white imp hits you. The white imp freezes you.
You barely miss the white imp.
The white imp is moderately wounded.
You hit the white imp.
The white imp is heavily wounded.
The white imp gestures at you. The puff of frost hits you!
You barely miss the white imp.
The white imp is heavily wounded.
The white imp closely misses you.
You closely miss the white imp.
The white imp is heavily wounded.
The white imp hits you.
* * * LOW HITPOINT WARNING * * *
The white imp freezes you.
* * * LOW HITPOINT WARNING * * *
You closely miss the white imp.
The white imp is heavily wounded.
The white imp gestures at you. The puff of frost hits you!
You die...

#... #..
####.#.# #.#
#.. ...## ..#
... .... #.#
#.# #..# #.#
#5# #..# #.#
#@# #..###.###
#.# #........#
#.# ##.###.#.#
#.# #.# #.#.#
#.# ##.# #...#
#.# ##..#
#.###
#.####...###.#
#............#
###..#####.#.#


You could see a white imp.

Vanquished Creatures
  A black bear (D:2)
  2 scorpions (D:5)
  A gnoll bouda (D:4)
  A hound (D:3)
  A sleepcap (D:5)
  2 iguanas
  12 gnolls
  5 adders
  A worm (D:4)
  2 dart slugs
  9 orcs
  6 ball pythons
  4 bats
  4 endoplasms
  8 goblins
  5 hobgoblins
  A quokka (D:1)
  4 frilled lizards
  5 kobolds
  A rat (D:2)
75 creatures vanquished.

Notes
Turn   | Place    | Note
-------+----------+-------------------------------------------
     0 | D:1      | Esekla the Deep Elf Necromancer began the quest for the
                  | Orb.
     0 | D:1      | Reached XP level 1. HP: 10/10 MP: 6/6
   179 | D:1      | Reached skill level 5 in Necromancy
   247 | D:1      | Reached XP level 2. HP: 14/15 MP: 8/8
   370 | D:4      | Found a radiant altar of Vehumet.
   374 | D:4      | Became a worshipper of Vehumet
   545 | D:3      | Identified the +5 rapier of the Hero {heavy, rN+ Dex+3}
   568 | D:2      | Found Renulab's Jewellery Shop.
   859 | D:1      | Reached XP level 3. HP: 19/19 MP: 9/9
   872 | D:1      | Learned a level 3 spell: Vampiric Draining
   948 | D:1      | You fall into a shaft and drop 1 floor!
  1234 | D:2      | Reached skill level 1 in Short Blades
  1279 | D:2      | Reached XP level 4. HP: 24/24 MP: 11/11
  1297 | D:2      | Found a faded altar of an unknown god.
  1376 | D:2      | Noticed a black bear
  1405 | D:2      | Killed a black bear
  1405 | D:2      | Reached * piety under Vehumet
  1405 | D:2      | Offered knowledge of Shock by Vehumet.
  1406 | D:2      | Reached XP level 5. HP: 27/28 MP: 5/13
  1694 | D:3      | Learned a level 3 spell: Teleport Other
  1886 | D:3      | Found a stormy altar of Qazlal.
  1889 | D:3      | Found a hazy altar of Hepliaklqana.
  1889 | D:3      | Found a bloodstained altar of Trog.
  2559 | D:4      | Found Ponaysk's Antique Weapon Boutique.
  2702 | D:4      | Found an iron altar of Okawaru.
  2713 | D:4      | Found a glowing silver altar of Zin.
  2736 | D:4      | Reached XP level 6. HP: 27/32 MP: 10/14
  2785 | D:4      | Reached skill level 6 in Necromancy
  3008 | D:4      | Found a glowing golden altar of the Shining One.
  3201 | D:4      | Reached skill level 5 in Spellcasting
  3318 | D:5      | Entered Level 5 of the Dungeon
  3326 | D:5      | Reached skill level 1 in Translocations
  3371 | D:5      | Found a shadowy altar of Dithmenos.
  3422 | D:5      | Got the Parchment of the Lumpy Olives
  3556 | D:5      | Reached XP level 7. HP: 36/36 MP: 15/17
  3595 | D:5      | Reached skill level 1 in Throwing
  3633 | D:5      | Killed from afar by a white imp

Illustrated notes

Levels and vault maps discovered:
D:1:      sevenhm_arrival_forest_fort_small_3, layout_rooms,
          chequers_serial_rivers_room_b, minmay_misc_feat_five
D:2:      layout_loops_ring, dreamdust_ecumenical_altar_angels_and_demons,
          serial_shops, shop
D:3:      layout_basic, grunt_temple_overflow_open, minmay_misc_feat_iff
D:4:      layout_basic, nicolae_overflow_quartered_altars, serial_shops,
          nicolae_diamond_shop
D:5:      layout_loops_ring, lemuel_doored_altar, minmay_misc_feat_rows,
          dreamdust_wishing_well

Skill      XL: |  1  2  3  4  5  6  7 |
---------------+----------------------+-----
Necromancy     | 5 6 |  6.6
Stealth        | 3 4 |  4.0
Dodging        | 3 4 |  4.5
Short Blades   | 1 2 |  2.7
Spellcasting   | 4 5 |  5.5
Translocations | 1 |  1.6
Throwing       | 1 |  1.0

Action                     |  1- 3 |  4- 6 |  7- 9 || total
---------------------------+-------+-------+-------++-------
  Melee: Unarmed           |    15 |       |       ||    15
         Dagger            |    18 |    55 |    22 ||    95
         Short sword       |     3 |       |       ||     3
         Rapier            |    47 |    46 |       ||    93
         Punch             |     1 |       |       ||     1
  Throw: Dart              |       |    11 |       ||    11
   Cast: Vampiric Draining |     2 |    24 |     2 ||    28
   Stab: Sleeping          |     3 |     4 |       ||     7
         Distracted        |     2 |     1 |       ||     3
 Armour: Robe              |    14 |    26 |     4 ||    44
  Dodge: Dodged            |    61 |    87 |     9 ||   157
